stearns, chaotic female elven Wizard ------------ ----- |..........| |...| |..........| #....| |...........## #####################|...| |.....<....| # #------------- #|...| |..[.......| ####&######%.*.........`| #|...| --------------- --.--------- #|.....`.....| #|...| |.............| ########### #|...-----...| #----- #-.............| # #|...|...|...| ##########|............)| ### #|..`..@.|`..|################..............| # #|...|)..|...|# |.............| ###### ###|...-----...|# --------------- ----------.-# #|.....`.....|# |....^......########|&.........`|# |..........|# -------------# |..........|##@&################## |.>........| ------------ stearns the Magician Experience level: 10 Strength: 16 Dexterity: 14 Constitution: 15 Intelligence: 20 Wisdom: 14 Charisma: 11 Health: 0(57) Energy: 132(132) AC: -6 Gold: 0 Moves: 15577 Your Inventory: Weapons j - an uncursed +0 elven dagger (weapon in hand) t - 2 uncursed +0 daggers (in quiver) Armor e - a blessed greased +1 helmet (being worn) f - a blessed rotted +1 pair of old gloves [leather] (being worn) D - an uncursed +0 dwarvish mithril-coat (being worn) F - an uncursed greased +0 cloak of magic resistance (being worn) X - an uncursed +0 pair of hard shoes [of dexterity (iron)] (being worn) Potions w - an uncursed diluted potion of extra healing Rings A - an uncursed ring of slow digestion (on right hand) Wands c - an uncursed wand of sleep (0:4) u - an [uncursed] wand of magic missile [0:4] B - an uncursed wand called teleport [of teleportation] (0:0) P - an uncursed wand called cancel or invis [of cancellation (0:3)] S - an uncursed grooved wand [of light (0:12)] T - an uncursed oak wand [of opening (0:7)] U - an uncursed octagonal wand [of speed monster (0:6)] V - a blessed plastic wand [of striking (0:7)] Tools b - an uncursed bag [of holding] k - a cursed key [skeleton key] s - an uncursed stethoscope G - an uncursed towel W - an uncursed [+0] pick-axe Contents of the bag of holding: 140 gold pieces 3 uncursed +0 daggers an uncursed [+0] mummy wrapping an uncursed [+0] mummy wrapping a blessed rotted +1 pair of low boots an uncursed cram ration an [uncursed] food ration an uncursed lembas wafer an uncursed lizard corpse an uncursed tin [of dwarf meat] an uncursed tripe ration 2 [blessed] scrolls of create monster an uncursed spellbook of wizard lock 13 uncursed clear potions [of water] a cursed potion of gain ability an uncursed wand of cold [0:3] an uncursed magic whistle Spells known in the end: Name Level Category Fail Memory a - force bolt 1 attack 93% [||......] b - drain life 2 attack 93% [||......] c - healing 1 healing 93% [|||.....] d - protection 1 clerical 93% [|||||...] e - detect monsters 1 divination 93% [||||||..] f - invisibility 4 escape 100% [||||||..] g - sleep 1 enchantment 93% [||||||..] h - wizard lock 2 matter 95% [||||||||] Your skills at the end: Fighting Skills Weapon Skills dagger [Expert / Expert] quarterstaff [Basic / Expert] Spellcasting Skills attack spells [Skilled / Expert] enchantment spells [Basic / Skilled] Final Attributes: You were piously aligned. Hunger level was 894. Your alignment was 87 / 87. Monster difficulty range was 1 - 9. Level difficulty was 8. You resisted fire. You were immune to sleep. You were magic-protected. You were confused. You were blinded. You saw invisible. You were telepathic. You had infravision. You had slower digestion. You were protected. Your luck was zero. You are dead. Vanquished creatures: a ghost 3 giant mimics a long worm a fire elemental a giant zombie 2 water demons 2 small mimics a rodent of unusual size 2 wood golems a gelatinous cube 2 large dogs 2 large cats a tiger a leocrotta a wraith 5 watchmen 2 chameleons a giant beetle a quivering blob a cockatrice a wolf a lynx 2 panthers a leprechaun 2 orc-captains a mumak 2 giant spiders an ice vortex 2 black lights a forest centaur 4 gnome kings 2 orc mummies 2 brown puddings a rust monster 2 owlbears a gold golem a werewolf 3 lizards a chickatrice a dog 3 dingos a housecat a jaguar a dwarf lord a dust vortex a raven a plains centaur a gnome mummy a snake 5 water moccasins an ape 17 soldier ants 7 fire ants a snow ant 2 imps a wood nymph 3 water nymphs a mountain nymph 20 Uruk-hai 3 rock piercers 4 enormous rats 3 rock moles a fog cloud 2 yellow lights a shrieker a violet fungus 15 gnome lords 4 gnomish wizards 2 red naga hatchlings a gray ooze 5 elf zombies a ghoul 4 straw golems 3 baby crocodiles 13 giant ants a floating eye 3 kittens 17 dwarves 3 homunculi 2 kobold lords a kobold shaman 12 hill orcs a rabid rat 5 giant bats 8 orc zombies 5 dwarf zombies 2 wererats a werejackal 4 iguanas 17 killer bees 3 acid blobs 9 coyotes 2 gas spores 5 hobbits 13 manes a large kobold 3 hobgoblins 4 giant rats 7 cave spiders a brown mold 2 yellow molds 3 green molds 75 gnomes 9 garter snakes 4 gnome zombies 5 geckos 7 jackals a fox 3 kobolds 3 goblins 2 sewer rats 6 grid bugs 12 bats 5 lichens 3 kobold zombies 7 newts 473 creatures vanquished. Voluntary challenges: You used a wielded weapon 454 times. You read items or engraved 637 times. You put on armor 34 times. You never genocided any monsters. You never polymorphed an object. You never changed form. You used no wishes. You wrote Elbereth's name 370 times. You encountered 1 bones level. You never used any Sokoban shortcuts. Dungeon overview: The Dungeons of Doom: levels 1 to 14 Level 1 some fountains a long staircase Level 3 a fountain, a sink stairs to The Gnomish Mines Level 4 (bones) a general store Level 5 a general store, an altar to Anhur Level 6 an armor shop Level 8 <- You were here Level 9 stairs to Sokoban Level 10 stairs to Town Level 12 (leocrotta + giant zombo) some fountains, some trees The Gnomish Mines: levels 4 to 10 Level 4 stairs to The Dungeons of Doom Level 7 (got 4 protection) many shops, a temple to Anhur, a magic chest, some fountains Sokoban: levels 6 to 8 Level 8 a magic chest stairs to The Dungeons of Doom Town: Level 9 stairs to The Dungeons of Doom History has recorded: On T:1 you entered the Dungeons of Doom to retrieve the Amulet of Yendor! On T:18 you reached level 2 of The Dungeons of Doom. On T:120 you reached level 3 of The Dungeons of Doom. On T:878 you reached level 4 of The Dungeons of Doom. On T:1126 you advanced to experience level 2. On T:1289 you reached level 5 of The Dungeons of Doom. On T:1986 you reached level 1 of The Gnomish Mines. On T:2156 you reached level 2 of The Gnomish Mines. On T:2344 you reached level 3 of The Gnomish Mines. On T:2401 you reached level 4 of The Gnomish Mines. On T:2937 you advanced to experience level 3. On T:3313 you advanced to experience level 4. On T:3991 you advanced to experience level 5. On T:5026 you reached level 5 of The Gnomish Mines. On T:5582 you reached level 6 of The Gnomish Mines. On T:5587 you advanced to experience level 6. On T:6167 you reached level 7 of The Gnomish Mines. On T:6273 you advanced to experience level 7. On T:7796 you reached level 6 of The Dungeons of Doom. On T:8004 you reached level 7 of The Dungeons of Doom. On T:9333 you advanced to experience level 8. On T:9359 you reached level 8 of The Dungeons of Doom. On T:9778 you reached level 9 of The Dungeons of Doom. On T:10107 you reached level 3 of Sokoban. On T:10346 you reached level 10 of The Dungeons of Doom. On T:10371 you reached level 11 of The Dungeons of Doom. On T:10550 you reached level 3 of Town. On T:10671 you reached level 12 of The Dungeons of Doom. On T:10752 you advanced to experience level 9. On T:11157 you reached level 13 of The Dungeons of Doom. On T:11529 you reached level 14 of The Dungeons of Doom. On T:12766 you reached level 2 of Sokoban. On T:13183 you reached level 1 of Sokoban. On T:14257 you advanced to experience level 10. Latest messages: You are getting confused. Yeenoghu hits! [HP-9=41] You feel an absence of magical power. Yeenoghu hits! (3x) [HP-3=38] You hear nothing special. You write "Elbereth" with your fingers into the dust. Yeenoghu hits! (6x) [HP-11=27] You write "Elbereth" with your fingers into the dust. Yeenoghu hits! (3x) You hear a mumbled curse. [HP-11=16] You write "Elbereth" with your fingers into the dust. Yeenoghu hits! (3x) You hear a mumbled curse. Yeenoghu hits! You die... Final status: Goodbye stearns the Wizard... You died in The Dungeons of Doom on dungeon level 8 with 15802 points, and 140 pieces of gold, after 15577 moves. You were level 10 with a maximum of 57 hit points when you died.